 Dungeon Crawl Stone Soup version 0.21-a0-210-gbfa5647 (webtiles) character file.

347 aurelian the Cudgeler (level 6, 0/47 HPs)
             Began as a Mummy Fighter on Aug 21, 2017.
             Killed by divine providence
             ... invoked by an orc priest
              (13 damage)
             ... on level 4 of the Dungeon.
             The game lasted 00:08:11 (3425 turns).

aurelian the Cudgeler (Mummy Fighter)               Turns: 3425, Time: 00:08:13

Health: 0/47       AC: 12    Str: 21    XL:     6   Next: 33%
Magic:  6/6        EV:  7    Int:  7    God:
Gold:   133        SH:  9    Dex: 12    Spells: 5/5 levels left

rFire    . . .     SeeInvis .   a - +2 flail (drain)
rCold    . . .     Gourm    .   c - +0 shield
rNeg     + + +     Faith    .   n - +0 scale mail
rPois    ∞         Spirit   .   m - +0 helmet
rElec    .         Reflect  .   d - +0 cloak
rCorr    .         Harm     .   p - +1 pair of gloves
MR       .....                  j - +0 pair of boots
Stlth    ..........             (no amulet)
HPRegen  0.15/turn              t - ring of fire
MPRegen  0.10/turn              (no ring)

@: no status effects
A: no food or potions, fire vulnerability, cold resistance 1, negative energy
resistance 3, torment resistance, unbreathing
a: no special abilities


You were on level 4 of the Dungeon.
You were not hungry.

You visited 1 branch of the dungeon, and saw 4 of its levels.

You collected 133 gold pieces.

Inventory:

Hand Weapons
 a - a +2 flail of draining (weapon)
 b - a +0 hunting sling
 x - a +0 flail
 y - a +2 dagger of venom
Missiles
 g - 108 stones (quivered)
 h - 5 tomahawks
 o - 36 arrows
 z - 4 tomahawks of returning
Armour
 c - a +0 shield (worn)
 d - a +0 cloak (worn)
 e - a +0 pair of gloves
 j - a +0 pair of boots (worn)
 m - a +0 helmet (worn)
 n - a +0 scale mail (worn)
 p - a +1 pair of gloves (worn)
Jewellery
 t - a ring of fire (left hand)
Scrolls
 f - a scroll of remove curse
 i - a scroll of enchant weapon {unknown}
 k - a scroll of noise {unknown}
 l - a scroll of identify
 q - a scroll of enchant armour {unknown}
 r - 3 scrolls of amnesia {unknown}
 s - a scroll of fear {unknown}
 u - a scroll of recharging {unknown}
 v - a scroll of blinking {unknown}
 w - a scroll of teleportation {unknown}


   Skills:
 - Level 3.0 Fighting
 + Level 5.6 Maces & Flails
 - Level 2.4 Armour
 - Level 2.4 Shields


You had 5 spell levels left.
You didn't know any spells.

Dungeon Overview and Level Annotations

Branches:
Dungeon (4/15)             Temple (0/1) D:4

Altars:
Xom

Annotations:
D:3 Sigmund


Innate Abilities, Weirdness & Mutations

You do not eat or drink.
Your flesh is vulnerable to fire.
You are immune to poison.
Your flesh is cold resistant. (rC+)
You are immune to negative energy. (rN+++)
You are immune to unholy pain and torment.
You can survive without breathing.


Message History

You sock the orc priest!
You kill the orc priest!
The orc hits you but does no damage. You block the orc's attack.
You closely miss the orc. The orc hits you but does no damage.
You block the orc's attack. The orc hits you but does no damage.
Your scale mail prevents you from hitting the orc.
The orc priest looks encouraged for a moment.
The orc hits you but does no damage. You block the orc's attack.
You closely miss the orc. You block the orc's attack. x2
You completely miss the orc. You block the orc's attack. x2
The orc priest calls down the wrath of Beogh upon you.
Beogh smites you!
You hit the orc.
The orc is lightly wounded.
The orc hits you.
* * * LOW HITPOINT WARNING * * *
The orc barely misses you.
The orc priest calls down the wrath of Beogh upon you.
Beogh smites you!
You die...

,,,,,,,+.......#*,.8...8.o....#,,
,,,,,,,#.......##*............#,,
,,**+**#..##....#########oo...#,,
,,*,,,*#,.#####........o......#,,
,,*,,,*,..............#.......###
,,******..............#..........
,,,,,,,*#+#########†###..........
,,,,,,,,,,,,#..###o...o..#'###.>.
,,,,,,,,,,,,#...@#.......#...+...
,,,,,,,,,,,,#...oo.o.....#...#...
,,,,,,,,,,,,#....#.......#...#...
***+***,,,,,#....#.......#...#...
,,*,,,*,,,,,#....#.......#...'...
,,+,,,*,,,,,######.......##..#...
,***,,*,,,,,*,,#....#######.)#...
,***,,*,,,,,*,,#....#....#...#>..
,,<,,,*,,,,,*,,+....'....+...#...


You could see an orc priest and 2 orcs.

Vanquished Creatures
  An ogre (D:4)
  A howler monkey (D:3)
  An orc priest (D:4)
  Natasha (D:2)
  A worker ant (D:3)
  Robin (D:2)
  4 adders
  2 oozes (D:2)
  2 dart slugs
  2 leopard geckos
  8 orcs
  2 ball pythons
  8 giant cockroaches
  12 hobgoblins
  5 jackals
  5 kobolds
  A quokka (D:2)
  A ball python skeleton (D:4)
  4 bats
  A frilled lizard (D:2)
  8 goblins
  6 rats
77 creatures vanquished.

Notes
Turn   | Place    | Note
-------+----------+-------------------------------------------
     0 | D:1      | aurelian the Mummy Fighter began the quest for the Orb.
     0 | D:1      | Reached XP level 1. HP: 18/18 MP: 1/1
   178 | D:1      | Reached skill level 2 in Maces & Flails
   196 | D:1      | Reached XP level 2. HP: 23/24 MP: 2/2
   708 | D:2      | Reached XP level 3. HP: 29/29 MP: 3/3
   748 | D:2      | Reached skill level 3 in Maces & Flails
   776 | D:2      | Found a shimmering altar of Xom.
  1317 | D:2      | Noticed Robin
  1318 | D:2      | Reached XP level 4. HP: 30/35 MP: 4/4
  1387 | D:2      | Killed Robin
  2195 | D:3      | Noticed Natasha
  2211 | D:2      | Killed Natasha
  2211 | D:2      | Reached skill level 4 in Maces & Flails
  2451 | D:3      | Reached XP level 5. HP: 41/41 MP: 5/5
  2964 | D:3      | Noticed Sigmund
  3259 | D:3      | Reached skill level 5 in Maces & Flails
  3329 | D:4      | Noticed an ogre
  3336 | D:4      | Killed an ogre
  3336 | D:4      | Reached XP level 6. HP: 47/47 MP: 6/6
  3425 | D:4      | Killed from afar by an orc priest

Vault maps used:
D:1:      minmay_arrival_stone_box
D:2:      lemuel_doored_altar, uniq_robin
D:3:      serial_forest, infiniplex_forest_lined_2,
          infiniplex_forest_clump_curved, infiniplex_forest_straight_4,
          infiniplex_forest_lined_room_3, infiniplex_forest_zigzag_2,
          infiniplex_forest_zigzag_1, infiniplex_forest_3_way, first_bread,
          uniq_natasha, uniq_sigmund
D:4:      cheibrodos_pilgrimage, minmay_temple_entry_junction

Skill      XL: |  1  2  3  4  5 |
---------------+----------------+-----
Maces & Flails | 2 3 4 5 |  5.6
Fighting       | |  3.0
Armour         | |  2.4
Shields        | |  2.4

Action                   |  1- 3 |  4- 6 || total
-------------------------+-------+-------++-------
Melee: Flail             |   130 |   181 ||   311
 Fire: Hunting sling     |       |     4 ||     4
  Use: Scroll            |       |     3 ||     3
Armor: Scale mail        |    62 |    81 ||   143
Dodge: Dodged            |    49 |    40 ||    89
Block: Shield            |    66 |   115 ||   181

Table legend:
 A = Spawn XP
 B = Non-spawn XP
 C = Spawn XP percentage of total XP
 D = Spawn monster count
 E = Non-spawn monster count
 F = Spawn count percentage of total count
 G = Total turns spent on level
                    A         B        C        D         E        F      G
               +---------+---------+-------+---------+---------+-------+---------
         Total |      20 |     477 |   4.0 |       9 |      68 |  11.7 |  3425
               +---------+---------+-------+---------+---------+-------+---------
           D:1 |       2 |      35 |   5.4 |       1 |      20 |   4.8 |   704
           D:2 |       5 |     133 |   3.6 |       3 |      26 |  10.3 |  1681
           D:3 |      13 |     139 |   8.6 |       5 |      16 |  23.8 |   771
           D:4 |       0 |     170 |   0.0 |       0 |       6 |   0.0 |   269
               +---------+---------+-------+---------+---------+-------+---------
